AoeStats
← 体制少妇白洁

African Clearing

505900359Analyzed
4v4 RM · 20d ago on Sep 11, 2026· 23m 14s· 8 players
Game mode
Random Map
Map size
Large (8 player)
Population
200
Speed
Normal
Resources
Standard
Victory
Conquest
Starting age
Dark Age
Ending age
Imperial Age
RankedLock teamsTeams togetherTeam positionsShared explorationLock speedFull tech treeHidden civsTurbo modeCheats
Victory
Defeat
1473
+14
🇹🇼 Slavs · Taiwan
1411
+17
🇹🇼 Mongols · Taiwan
1409
+17
🇩🇪 Malians · Germany
1402
+17
🇭🇰 Ethiopians · Hong Kong SAR China
1520
-20
🇨🇳 Bohemians · China
1500
-19
🇨🇳 Magyars · China
1414
-16
YiTiaoQu
9:51 Loom
12:45 Feudal Age
16:26 Castle Age
22:20 Double-Bit Axe
夫国之有民,犹水之有舟,停则以安,扰则以危
11:37 Loom
13:51 Feudal Age
18:23 Castle Age
16:59 Double-Bit Axe
cookie tin
3:51 Loom
12:11 Feudal Age
12:40 Double-Bit Axe
13:55 Wheelbarrow
15:29 Town Watch
17:03 Scale Barding Armor
21:04 Bloodlines
体制少妇白洁
10:39 Loom
12:53 Feudal Age
14:03 Double-Bit Axe
17:00 Castle Age
15:29 Gold Mining
15:48 Gold Mining
16:17 Fletching
17:11 Crossbowman
17:51 Bodkin Arrow
20:49 Ballistics
23:01 Bow Saw
Benjamin
5:05 Loom
12:19 Feudal Age
12:52 Double-Bit Axe
18:22 Castle Age
17:12 Bloodlines
19:51 Scale Barding Armor
23:09 Husbandry
eraycoskun33
11:37 Loom
13:57 Feudal Age
14:05 Man-at-Arms
14:50 Double-Bit Axe
15:57 Arson
17:45 Wheelbarrow
20:11 Wheelbarrow
22:51 Castle Age
Ares_Hong Bang- Trieu Dynasty
4:50 Loom
13:30 Feudal Age
15:37 Wheelbarrow
17:53 Castle Age
16:55 Double-Bit Axe
17:05 Stone Mining
Captain Jack Sparrow
8:26 Loom
11:12 Feudal Age
12:27 Double-Bit Axe
15:50 Fletching
Connection lost

Rejoining the realm…

Still unreachable

The connection could not be restored.

Session expired

The server has moved on; the page needs a fresh start.